 Dungeon Crawl Stone Soup version 0.21-a0-170-g0398fc9 (webtiles) character file.

127 tehllama the Digger (level 5, -4/28 HPs)
             Began as a Gargoyle Earth Elementalist on Aug 6, 2017.
             Slain by a gnoll
             ... wielding a +2 halberd of protection
              (15 damage)
             ... on level 3 of the Dungeon.
             The game lasted 00:02:10 (1868 turns).

tehllama the Digger (Gargoyle Earth Elementalist)   Turns: 1868, Time: 00:02:11

Health: -4/28      AC:  7    Str: 12    XL:     5   Next: 11%
Magic:  1/10       EV: 12    Int: 16    God:
Gold:   105        SH:  0    Dex: 10    Spells: 6/10 levels left

rFire    . . .     SeeInvis .   l - +2 rapier (venom)
rCold    . . .     Gourm    .   (no shield)
rNeg     + . .     Faith    .   c - +0 robe
rPois    ∞         Spirit   .   (no helmet)
rElec    +         Reflect  .   (no cloak)
rCorr    .         Harm     .   (no gloves)
MR       .....                  h - +0 pair of boots
Stlth    ++........             (no amulet)
HPRegen  0.09/turn              (no ring)
MPRegen  0.12/turn              (no ring)

@: no status effects
A: negative energy resistance 1, electricity resistance, unbreathing,
petrification resistance, rot immunity, AC +4
a: no special abilities


You were on level 3 of the Dungeon.
You were not hungry.

You visited 1 branch of the dungeon, and saw 3 of its levels.

You collected 105 gold pieces.

Inventory:

Hand Weapons
 f - a +0 club
 l - a +2 rapier of venom (weapon)
Missiles
 b - 55 stones (quivered)
Armour
 c - a +0 robe (worn)
 h - a +0 pair of boots (worn)
Scrolls
 g - a scroll of recharging {unknown}
 k - a scroll of noise {unknown}
 m - a scroll of teleportation {unknown}
 n - a scroll of identify {unknown}
 p - 2 scrolls of enchant weapon {unknown}
 q - a scroll of magic mapping {unknown}
Potions
 o - a potion of might {unknown}
 r - a potion of cancellation {unknown}
Books
 e - a book of Geomancy

   Spells                             Type                      Level
   a - Sandblast                      Earth                        1
   b - Passwall                       Transmutation/Earth          2
   c - Stone Arrow                    Conjuration/Earth            3
   d - Petrify                        Transmutation/Earth          4
   e - Lee's Rapid Deconstruction     Earth                        5
Comestibles
 a - 2 meat rations
 d - a bread ration
 i - 3 royal jellies
 j - 2 chunks of flesh


   Skills:
 - Level 1.5 Dodging
 - Level 2.1 Stealth
 + Level 3.3 Spellcasting
 + Level 2.0 Conjurations
   Level 0.7 Transmutations
 + Level 5.0 Earth Magic


You had 6 spell levels left.
You knew the following spells:

 Your Spells              Type           Power        Failure   Level  Hunger
a - Sandblast             Erth           ###...       2%          1    None
b - Stone Arrow           Conj/Erth      ##....       13%         3    ###....


Dungeon Overview and Level Annotations

Branches:
Dungeon (3/15)

Altars:
Gozag


Innate Abilities, Weirdness & Mutations

You are resistant to torment.
Your stone body is resilient. (AC +4)
You are immune to poison.
You resist negative energy. (rN+)
You are resistant to electric shocks. (rElec)
You can survive without breathing.
You are immune to petrification.
You are immune to rotting.


Message History

The blast of sand hits the gnoll.
b - 56 stones
Casting: Sandblast
Confirm with . or Enter, or press ? or * to list all spells.
Aiming: Sandblast
Press: ? - help, Shift-Dir - straight line, f/p - gnoll
Aim: a gnoll, wielding a halberd of protection The blast of sand hits the gnoll.
The gnoll is lightly wounded.
b - 55 stones The gnoll closely misses you.
Casting: Sandblast
Confirm with . or Enter, or press ? or * to list all spells.
You don't have enough magic to cast that spell.
No previous command to re-do.
There is an open door here.
You see here a throwing net.
The gnoll hits you with a halberd of protection!
Ouch! That really hurt!
You die...

....####.#...#.#
.........#...#.#
....#####.....#.#
.. #.#.....#
#.#.###### .
#####.........#
..
#.......>..##.#
... #.########.#
.... #@# .# .....
#g# #
......#'#######
........†)...$#
##......).....#
#............#
#............#
#####........#
#........#


You could see a gnoll.

Vanquished Creatures
  An orc priest (D:3)
  Terence (D:2)
  3 gnolls (D:3)
  An adder (D:2)
  A dart slug (D:2)
  A leopard gecko (D:1)
  2 orcs (D:3)
  A giant cockroach (D:1)
  5 hobgoblins
  6 bats
  A frilled lizard (D:2)
  4 goblins
  2 kobolds (D:1)
  4 rats
33 creatures vanquished.

Notes
Turn   | Place    | Note
-------+----------+-------------------------------------------
     0 | D:1      | tehllama the Gargoyle Earth Elementalist began the quest for the Orb.
     0 | D:1      | Reached XP level 1. HP: 10/10 MP: 3/3
   705 | D:1      | Reached XP level 2. HP: 7/15 MP: 3/5
   924 | D:1      | Reached skill level 4 in Earth Magic
  1280 | D:2      | Reached XP level 3. HP: 16/19 MP: 7/7
  1287 | D:2      | Learned a level 3 spell: Stone Arrow
  1308 | D:2      | Noticed Terence
  1313 | D:2      | Killed Terence
  1462 | D:2      | Reached skill level 1 in Conjurations
  1472 | D:2      | Reached XP level 4. HP: 24/24 MP: 8/8
  1545 | D:2      | Found an opulent altar of Gozag.
  1857 | D:3      | Reached skill level 5 in Earth Magic
  1860 | D:3      | Reached XP level 5. HP: 17/28 MP: 3/9
  1868 | D:3      | Slain by a gnoll

Vault maps used:
D:1:      matt_arrival_diagonals
D:2:      minmay_wonky_spiral, nicolae_gozag_seed_capital, uniq_terence
D:3:      cheibrodos_sewer_entry_drain

Skill      XL: |  1  2  3  4  5 |
---------------+----------------+-----
Earth Magic    | 4 5 |  5.0
Spellcasting   | 3 |  3.3
Conjurations   | 1 2 |  2.0
Dodging        | |  1.5
Stealth        | |  2.1
Transmutations | |  0.7

Action                   |  1- 3 |  4- 6 || total
-------------------------+-------+-------++-------
Melee: Club              |    51 |       ||    51
       Unarmed           |    10 |       ||    10
       Rapier            |     8 |    17 ||    25
 Cast: Sandblast         |     6 |     8 ||    14
       Stone Arrow       |     2 |       ||     2
 Stab: Sleeping          |     4 |     1 ||     5
  Eat: Chunk             |     2 |     1 ||     3
Armor: Robe              |    43 |     8 ||    51
Dodge: Dodged            |    91 |    16 ||   107
